[Event "Late-Titled-Tuesday-Blitz-May-07-2024"]
[Site "Chess.com"]
[Date "2024.05.07"]
[Round "4"]
[White "NMJeevanK"]
[Black "CarrotsandPizza"]
[Result "0-1"]
[WhiteElo "2755"]
[BlackElo "2591"]
[TimeControl "180+1"]
[EndTime "14:37:57 PDT"]
[Termination "CarrotsandPizza won on time"]

1. e4 c5 2. Nc3 Nc6 3. Bb5 e6 4.
Bxc6 bxc6 5. d3 d5 6. f4 Nf6 7.
Qe2 Be7 8. Nf3 O-O 9. O-O Qc7 10. b3 Rd8 11. Bd2 Rb8 12. Rad1 Ba6 13. Qf2 c4 14. bxc4 dxe4 15. Ne5 exd3 16. cxd3 Rb2 17. Rb1 Rc2 18. Rfc1 Rxc1+ 19. Bxc1 Bd6 20. d4 c5 21. Be3 Bxe5 22. dxe5 Ng4 23. Qg3 Nxe3 24. Qxe3 Bxc4 25. Ne4 Bxa2 26.
Ra1 Bd5 27. Nxc5 Qb6 28. Qa3 Rc8 29. Rc1 h6 30. h3 Rc6 31. Kh2 h5 32. Nd7 Qc7 33.
Qf8+ Kh7 34. Rxc6 Bxc6 35. Nc5 a5 36. Kg3 a4 37. Nd3 Qb7 38. Nf2 Bxg2 39. Kh4 Qf3 40.
Qxf7 Qxf2+ 41. Kxh5 Bf3+ 0-1

[Event "Late-Titled-Tuesday-Blitz-May-07-2024"]
[Site "Chess.com"]
[Date "2024.05.07"]
[Round "4"]
[White "trriinu"]
[Black "Redzishchess"]
[Result "0-1"]
[WhiteElo "2253"]
[BlackElo "2505"]
[TimeControl "180+1"]
[EndTime "14:37:57 PDT"]
[Termination "Redzishchess won by resignation"]

1. e4 c5 2. Nf3 d6 3. Bb5+ Bd7 4. Bxd7+ Qxd7 5. O-O Nf6 6. Qe2 Nc6 7. c3 e6 8. Rd1 Be7 9. d4 cxd4 10. cxd4 d5 11.
e5 Ne4 12. Ne1 f5 13. Qh5+ g6 14. Qh6 Bf8 15. Qh4 Qe7 16. Qh3 Rc8 17. f3 Nxd4 18.
Be3 Ng5 19. Qg3 Ne2+ 0-1

[Event "Late-Titled-Tuesday-Blitz-May-07-2024"]
[Site "Chess.com"]
[Date "2024.05.07"]
[Round "4"]
[White "SoCalJuniorChess"]
[Black "Flaccidmoves"]
[Result "0-1"]
[WhiteElo "2182"]
[BlackElo "2385"]
[TimeControl "180+1"]
[EndTime "14:37:59 PDT"]
[Termination "Flaccidmoves won by resignation"]

1. d4 Nf6 2. Nc3 d5 3. Bf4 e6 4. Nb5 Na6 5. e3 Be7 6. Nf3 O-O 7. h3 c6 8. Nc3 Qb6 9. Rb1 c5 10. Nb5 Bd7 11. a4 Qa5+ 12. c3 c4 13. b4 cxb3 14.
Qxb3 Rfc8 15. Bd3 Bxb5 16. Qxb5 Qxc3+ 17. Ke2 Nb4 18. Rhc1 Qxd3+ 19. Qxd3 Nxd3 20. Kxd3 b6 21. Ne5 Ba3 22. Rxc8+ Rxc8 23. Ra1 Bb4 24. Rb1 Rc3+ 25.
Ke2 Rc2+ 26. Kf3 Ba5 27. Nd3 Ne4 28. Ra1 g5 29. Bg3 h5 30. h4 Nd2+ 31. Ke2 Nb3+ 32. Kd1 Nxa1 0-1

[Event "Late-Titled-Tuesday-Blitz-May-07-2024"]
[Site "Chess.com"]
[Date "2024.05.07"]
[Round "4"]
[White "K_A_S_T_O_R"]
[Black "Mikayel99"]
[Result "1-0"]
[WhiteElo "2830"]
[BlackElo "2592"]
[TimeControl "180+1"]
[EndTime "14:38:01 PDT"]
[Termination "K_A_S_T_O_R won by resignation"]

1. e4 c5 2. Nf3 b6 3. d4 cxd4 4. Nxd4 Bb7 5. Nc3 a6 6. Bf4 d6 7.
Bg3 g6 8. Qd2 Bg7 9. Bc4 Nf6 10.
f3 b5 11. Bb3 Nbd7 12. a3 h5 13. Bf2 Rc8 14. O-O-O Ne5 15. Be3 Nc4 16. Bxc4 Rxc4 17.
Kb1 O-O 18. Nb3 Qc7 19. Na2 d5 20. Na5 dxe4 21. Nxc4 Qxc4 22. f4 Ng4 23. Rhe1 Rc8 24. g3 Bd5 25. Nb4 Be6 26. Bb6 e3 27. Qd3 a5 28.
Bxa5 Nxh2 29. Qxc4 bxc4 30. Rxe3 Ng4 31. Re2 c3 32.
Nd5 Bxd5 33. Rxd5 e6 34. Rd8+ Rxd8 35. Bxd8 cxb2 36. a4 Bd4 37. a5 Kf8 38. Bb6 1-0

[Event "Late-Titled-Tuesday-Blitz-May-07-2024"]
[Site "Chess.com"]
[Date "2024.05.07"]
[Round "4"]
[White "Hilary46"]
[Black "Sandstad"]
[Result "1-0"]
[WhiteElo "2723"]
[BlackElo "2435"]
[TimeControl "180+1"]
[EndTime "14:38:01 PDT"]
[Termination "Hilary46 won by checkmate"]

1. e4 c5 2. Nf3 Nc6 3. d4 cxd4 4. Nxd4 Nf6 5. Nc3 g6 6. Be3 Bg7 7. Nxc6 bxc6 8. e5 Nd5 9. Nxd5 cxd5 10. Qxd5 Rb8 11.
O-O-O O-O 12. Bxa7 Rb4 13. Qc5 Ra4 14. Bb6 Qe8 15.
a3 d6 16. exd6 exd6 17. Qxd6 Bf5 18. Bd3 Be6 19. Rhe1 Qa8 20. Rxe6 fxe6 21. Qxe6+ Kh8 22. Qb3 Rb8 23. Bb5 Rh4 24. Bc7 Rc8 25. Bg3 Rd4 26. Rxd4 Bxd4 27. Qe6 Rd8 28. Be5+ Bxe5 29. Qxe5+ Kg8 30.
Bc4+ Kf8 31. Qf6+ Ke8 32. Qf7# 1-0

[Event "Late-Titled-Tuesday-Blitz-May-07-2024"]
[Site "Chess.com"]
[Date "2024.05.07"]
[Round "4"]
[White "cristianserban1"]
[Black "pouya21"]
[Result "0-1"]
[WhiteElo "2634"]
[BlackElo "2834"]
[TimeControl "180+1"]
[EndTime "14:38:04 PDT"]
[Termination "pouya21 won by resignation"]

1. d4 Nf6 2. c4 e6 3. Nf3 c5 4. d5 d6 5. Nc3 exd5 6. cxd5 g6 7. Nd2 Bg7 8. e4 O-O 9. Be2 Re8 10. O-O Na6 11. Kh1 Nc7 12. a4 b6 13. f3 Rb8 14.
Re1 Nh5 15. Nf1 a6 16. g4 Nf6 17. Bf4 h5 18. h3 hxg4 19. hxg4 b5 20. axb5 axb5 21.
Kg2 b4 22. Nb1 Nd7 23. Bxd6 Bxb2 24. Ra7 Be5 25. Bxe5 Nxe5 26. d6 Ne6 27. Kg3 Rb6 28.
d7 Bxd7 29. f4 Nxf4 30. Kxf4 Qh4 31. Rxd7 Qf2+ 32. Bf3 Rf6+ 33. Kg5 Nxf3+ 34. Kxf6 Qh4+ 0-1

[Event "Late-Titled-Tuesday-Blitz-May-07-2024"]
[Site "Chess.com"]
[Date "2024.05.07"]
[Round "4"]
[White "manitodeplomo"]
[Black "Airquake"]
[Result "0-1"]
[WhiteElo "2603"]
[BlackElo "2843"]
[TimeControl "180+1"]
[EndTime "14:38:04 PDT"]
[Termination "Airquake won by resignation"]

1. d4 Nf6 2. c4 e6 3. Nf3 d5 4.
Nc3 Be7 5. Bg5 O-O 6. Qc2 Nbd7 7. e3 h6 8. Bh4 b6 9. cxd5 exd5 10. Bd3 Bb7 11. O-O c5 12. Rad1 Re8 13. Ne5 cxd4 14. exd4 Ne4 15. Bxe7 Qxe7 16. Bb5 Nxe5 17. Bxe8 Ng4 18.
Nxe4 dxe4 19. Bc6 Qd6 20. g3 Bxc6 21. d5 Bb5 22. Rfe1 Bd3 23. Qc6 Rd8 24. Rxd3 exd3 25. Re8+ Kh7 26. Rxd8 Qxd8 27. d6 Nf6 28. Kf1 Qd7 29. Qc7 Qg4 0-1

[Event "Late-Titled-Tuesday-Blitz-May-07-2024"]
[Site "Chess.com"]
[Date "2024.05.07"]
[Round "4"]
[White "carokannlover213"]
[Black "Itay121"]
[Result "0-1"]
[WhiteElo "2712"]
[BlackElo "2555"]
[TimeControl "180+1"]
[EndTime "14:38:05 PDT"]
[Termination "Itay121 won on time"]

1. c4 Nf6 2. Nc3 e5 3. Nf3 Nc6 4. e4 Bc5 5. Nxe5 O-O 6. Nxc6 dxc6 7. Be2 Qd4 8. O-O Nxe4 9. Nxe4 Qxe4 10. d3 Qg6 11. d4 Bh3 12. Bf3 Rad8 13. Be3 Bxd4 14. Bxd4 c5 15. Bxc5 Rxd1 16. Rfxd1 Re8 17. Bxb7 c6 18.
g3 Qe4 19. f3 Qxf3 20. Rd2 h5 21. Rf2 Qd3 22. Bxc6 Re2 23. Bd5 Rxf2 24. Bxf2 Qc2 25. b4 Be6 26. Bxa7 Qb2 27. Rd1 Qxa2 28. Bf2 Qb3 29.
Rd4 Bh3 30. Be1 Qe3+ 31. Bf2 Qc1+ 32. Rd1 Qxd1+ 0-1

[Event "Late-Titled-Tuesday-Blitz-May-07-2024"]
[Site "Chess.com"]
[Date "2024.05.07"]
[Round "4"]
[White "BilodeauA"]
[Black "Defend1r"]
[Result "1-0"]
[WhiteElo "2901"]
[BlackElo "2617"]
[TimeControl "180+1"]
[EndTime "14:38:16 PDT"]
[Termination "BilodeauA won by resignation"]

1. e4 c5 2. Nf3 d6 3. d4 cxd4 4. Nxd4 Nf6 5. Nc3 a6 6. Nb3 h6 7. Be3 Nbd7 8. g4 b6 9. Bg2 Bb7 10. O-O e6 11. f4 Qc7 12. h3 Rd8 13. Qe2 b5 14. a3 Nb6 15. Rad1 Nc4 16. Bc1 Be7 17.
Nd4 Nxa3 18. g5 hxg5 19. fxg5 Nh5 20. g6 Bf6 21. gxf7+ Kxf7 22. Nxe6 Kxe6 23. Nd5 Qxc2 24. Qg4+ Kf7 25. bxa3 Bc6 26. Bg5 Bxd5 27. Rxd5 Qc8 28. Qd1 Qc4 29. e5 dxe5 30. Rxd8 Rxd8 31. Qxh5+ Ke6 32. Bxf6 gxf6 33. Qf5+ Kd6 34. Qxf6+ Kc7 35. Qxe5+ Kb6 36. Rf6+ Ka5 37. Qe1+ Ka4 38. Rxa6+ Kb3 39.
Qb1+ Kc3 40. Rc6 1-0

[Event "Late-Titled-Tuesday-Blitz-May-07-2024"]
[Site "Chess.com"]
[Date "2024.05.07"]
[Round "4"]
[White "ChessicallyInclined"]
[Black "MathiasWomacka"]
[Result "1-0"]
[WhiteElo "2733"]
[BlackElo "2541"]
[TimeControl "180+1"]
[EndTime "14:38:16 PDT"]
[Termination "ChessicallyInclined won by resignation"]

1. e4 c5 2. Nf3 d6 3. d4 cxd4 4. Nxd4 Nf6 5. Nc3 a6 6. Be2 e5 7.
Nb3 Be7 8. Be3 Be6 9. Nd5 Nxd5 10. exd5 Bf5 11. O-O O-O 12. c4 Nd7 13. f4 exf4 14.
Bxf4 Bg6 15. Qd2 Bf6 16. Bxd6 Re8 17. c5 Ne5 18. Rae1 b6 19. Kh1 bxc5 20. Bxc5 a5 21. Bb5 a4 22. Nc1 Ra5 23. Bxe8 Rxc5 24. Bxa4 Rxd5 25.
Qe3 h6 26. Bb3 Rd2 27. Re2 Rxe2 28. Nxe2 Qd6 29. Nf4 Bg5 30. Qg3 Bxf4 31. Qxf4 Kh7 32. h3 Qc5 33. Rc1 Qb6 34. Qxe5 1-0

[Event "Late-Titled-Tuesday-Blitz-May-07-2024"]
[Site "Chess.com"]
[Date "2024.05.07"]
[Round "4"]
[White "RuperezA"]
[Black "GiorgianBarbosa"]
[Result "1-0"]
[WhiteElo "2636"]
[BlackElo "2489"]
[TimeControl "180+1"]
[EndTime "14:38:16 PDT"]
[Termination "RuperezA won by resignation"]

1. e4 c5 2. Nf3 g6 3. d4 cxd4 4. Qxd4 Nf6 5. Nc3 Nc6 6. Qa4 d6 7. e5 dxe5 8. Nxe5 Bd7 9. Nxd7 Nxd7 10. Be3 Bg7 11. Bb5 O-O 12. O-O Nb6 13. Qh4 Bf6 14. Qh3 e6 15. Rad1 Qe7 16. Ne4 Bg7 17. Bc5 Qc7 18.
Bd6 Qc8 19. Bxf8 Qxf8 20. Bxc6 bxc6 21. b3 Nd5 22. c4 Nf4 23. Qf3 e5 24. Rd2 Ne6 25.
Nf6+ Kh8 26. Nd7 Qe7 27. Qxc6 Rd8 28. Qd6 Qg5 29. Rdd1 Nd4 30. c5 Nf3+ 31. Kh1 Qf4 32. g3 Qg4 33. Nxe5 Bxe5 34. Qxd8+ Kg7 35. Qd5 f6 36.
Qd7+ Qxd7 37. Rxd7+ Kh6 38. c6 Nd2 39. Rxd2 1-0

[Event "Late-Titled-Tuesday-Blitz-May-07-2024"]
[Site "Chess.com"]
[Date "2024.05.07"]
[Round "4"]
[White "subham777"]
[Black "dianamirza"]
[Result "1-0"]
[WhiteElo "2462"]
[BlackElo "1940"]
[TimeControl "180+1"]
[EndTime "14:38:16 PDT"]
[Termination "subham777 won by resignation"]

1. e4 d5 2. exd5 Qxd5 3. Nf3 Qd8 4. d4 Nf6 5. c4 Bg4 6. Be2 c6 7. Nc3 e6 8. Be3 Be7 9. O-O Nbd7 10. Qd2 O-O 11.
h3 Bxf3 12. Bxf3 Nb6 13. b3 Qd7 14. Rad1 Rfd8 15. Rfe1 c5 16. dxc5 Qxd2 17. Bxd2 Bxc5 18. Bxb7 Rab8 19. Bf3 Bb4 20. Ne4 Nxe4 21. Bxb4 Ng5 22. Rxd8+ Rxd8 23. Bb7 Rb8 24. Rd1 h5 25. Ba6 Nxc4 26.
Be7 Nb2 27. Rd2 Rb6 28. Bxg5 Rxa6 29. Rxb2 f6 30. Be3 Kf7 31. b4 e5 32. b5 Ra3 33.
Rc2 Ke6 34. Rc6+ Kd5 35. Ra6 Rc3 36. Rxa7 f5 37. Rxg7 f4 38. Ba7 Rc1+ 39. Kh2 Rc2 40. b6 Rxa2 1-0

[Event "Late-Titled-Tuesday-Blitz-May-07-2024"]
[Site "Chess.com"]
[Date "2024.05.07"]
[Round "4"]
[White "Romadk"]
[Black "Pig-filth"]
[Result "0-1"]
[WhiteElo "2504"]
[BlackElo "2324"]
[TimeControl "180+1"]
[EndTime "14:38:16 PDT"]
[Termination "Pig-filth won by resignation"]

1. d4 Nc6 2. Nf3 d6 3. c4 e5 4. e3 exd4 5. exd4 Nf6 6. h3 d5 7. c5 Be7 8. Nc3 O-O 9. Bd3 b6 10. cxb6 axb6 11. O-O h6 12. Bf4 Bd6 13. Be5 Re8 14.
Re1 Bb7 15. Bxf6 Qxf6 16. Nxd5 Rxe1+ 17. Qxe1 Qd8 18. Qe4 g6 19. Qg4 Kh7 20. h4 Nxd4 21. Nxd4 Bxd5 22. h5 Qf6 23. a3 Rd8 24. Re1 Bc5 25.
hxg6+ fxg6 26. Nf3 Bxf3 27. Bxg6+ Qxg6 28. Qxf3 Rf8 29. Qc3 Bxf2+ 30. Kh2 Bxe1 0-1

[Event "Late-Titled-Tuesday-Blitz-May-07-2024"]
[Site "Chess.com"]
[Date "2024.05.07"]
[Round "4"]
[White "wannabe2700"]
[Black "ab-lsv"]
[Result "1-0"]
[WhiteElo "2555"]
[BlackElo "2385"]
[TimeControl "180+1"]
[EndTime "14:38:17 PDT"]
[Termination "wannabe2700 won on time"]

1. a4 d5 2. Ra3 e5 3. b3 Bxa3 4. Nxa3 Ne7 5. Bb2 Nbc6 6. e3 O-O 7. Ne2 Be6 8. f4 f6 9. g3 a6 10. Bg2 Qd7 11. h3 Rad8 12. d3 Kh8 13. g4 d4 14. f5 Bg8 15. e4 Nb4 16. h4 c5 17.
g5 b5 18. axb5 axb5 19. Qd2 Ra8 20. O-O Ra6 21. h5 Rfa8 22. h6 gxh6 23. gxf6 Rxf6 24. Ng3 Bf7 25. c3 dxc3 26. Qxc3 Qd4+ 27. Kh2 Nxd3 28.
Nxb5 Qxc3 29. Bxc3 Nc6 30. Rd1 Nf4 31. Bf1 Ra2+ 32.
Kg1 Bxb3 33. Rd7 Nd4 34. Nxd4 cxd4 35. Bb4 d3 36. Bc3 d2 37. Bxd2 1-0

[Event "Late-Titled-Tuesday-Blitz-May-07-2024"]
[Site "Chess.com"]
[Date "2024.05.07"]
[Round "4"]
[White "NaciSAN"]
[Black "imdvb6307"]
[Result "0-1"]
[WhiteElo "2297"]
[BlackElo "2501"]
[TimeControl "180+1"]
[EndTime "14:38:18 PDT"]
[Termination "imdvb6307 won by resignation"]

1. e4 Nc6 2. Nf3 d6 3. d4 Nf6 4. Nc3 Bg4 5. Be2 e5 6. d5 Ne7 7.
Nh4 Bd7 8. O-O g6 9. Be3 Bg7 10. Nf3 O-O 11. Ne1 c6 12. dxc6 Bxc6 13. f3 d5 14.
exd5 Nfxd5 15. Nxd5 Nxd5 16. Bf2 Bh6 17. Nd3 Ne3 18.
Bxe3 Bxe3+ 19. Kh1 Qd6 20. c3 Rad8 21. Nb4 Qxd1 22.
Raxd1 Bd7 23. Nd5 Bg5 24. Bc4 a5 25. Nb6 Bf5 26. Bd5 Be3 27. Nc4 Bc5 28. Bxb7 Bd3 29. Nxe5 Bxf1 30. Rxf1 Rd2 31. Nc4 Re2 32. a3 Rfe8 33. b4 Re1 34. Nd2 Rxf1+ 35. Nxf1 Re1 36. Ba6 Bb6 37. g3 Rc1 38. bxa5 Bxa5 39. Kg2 Rc2+ 40. Kh3 Rxc3 41. a4 Rxf3 42. Bb5 Kg7 43. Kg2 Rc3 44.
h4 Rc2+ 45. Kf3 Bb6 46. Ne3 Rc3 0-1

[Event "Late-Titled-Tuesday-Blitz-May-07-2024"]
[Site "Chess.com"]
[Date "2024.05.07"]
[Round "4"]
[White "chess_sharparchitect"]
[Black "ozates"]
[Result "0-1"]
[WhiteElo "2291"]
[BlackElo "2655"]
[TimeControl "180+1"]
[EndTime "14:38:19 PDT"]
[Termination "ozates won by resignation"]

1. c4 c5 2. Nf3 Nc6 3. Nc3 e5 4. e3 Nf6 5. d4 cxd4 6. exd4 e4 7.
Ne5 Bb4 8. Nxc6 dxc6 9. Be3 Ng4 10. Qb3 a5 11. a3 Nxe3 12. fxe3 Bxc3+ 13. Qxc3 Bg4 14.
Qc2 Qh4+ 15. g3 Qg5 16. Qxe4+ Kd8 17. Qf4 Qg6 18. Bg2 Re8 19. O-O Re7 20. e4 Be2 21. Rf2 Bxc4 22. Rc1 Bd3 23. d5 Bxe4 24. dxc6 bxc6 25.
Rd1+ Ke8 26. Qd2 Kf8 27. Re2 Rae8 28. Qd4 Bxg2 29. Rxe7 Rxe7 30. Kxg2 Qh5 31. Qd8+ Re8 32. Qd2 Re2+ 0-1

[Event "Late-Titled-Tuesday-Blitz-May-07-2024"]
[Site "Chess.com"]
[Date "2024.05.07"]
[Round "4"]
[White "Zhigalko_Sergei"]
[Black "jefferyx"]
[Result "0-1"]
[WhiteElo "2888"]
[BlackElo "3126"]
[TimeControl "180+1"]
[EndTime "14:38:20 PDT"]
[Termination "jefferyx won on time"]

1. e4 c5 2. Nf3 d6 3. d4 cxd4 4. Qxd4 Nc6 5. Bb5 a6 6. Bxc6+ bxc6 7. c4 e5 8. Qd3 Ne7 9. O-O Ng6 10. Be3 Be7 11.
Nc3 O-O 12. c5 dxc5 13. Qc2 c4 14. Rfd1 Qc7 15. Qe2 Rb8 16. Rd2 Be6 17. Ng5 Bxg5 18. Bxg5 h6 19. Be3 Nf4 20. Bxf4 exf4 21. Rad1 Qe5 22.
h3 Rb7 23. Rd8 Rxd8 24. Rxd8+ Kh7 25. f3 Bxh3 26. Qd2 Be6 27. a3 Qc7 28. Kh2 Rxb2 29.
Qxb2 Qxd8 30. Qb4 a5 31. Qc5 Qh4+ 32. Kg1 Qe1+ 0-1

[Event "Late-Titled-Tuesday-Blitz-May-07-2024"]
[Site "Chess.com"]
[Date "2024.05.07"]
[Round "4"]
[White "remyrushbrooke"]
[Black "GrotBchess"]
[Result "0-1"]
[WhiteElo "2292"]
[BlackElo "2519"]
[TimeControl "180+1"]
[EndTime "14:38:20 PDT"]
[Termination "GrotBchess won by resignation"]

1. d4 Nf6 2. Nc3 e6 3. e3 d5 4. Nf3 c5 5. Be2 Nc6 6. O-O a6 7. a3 Bd6 8. dxc5 Bxc5 9. b4 Bd6 10. Bb2 O-O 11. Na4 b5 12. Nc5 Qe7 13. Nd4 Ne5 14. f4 Nc4 15. Bxc4 dxc4 16. Qf3 Bxc5 17. bxc5 Nd5 18. Nf5 exf5 19. Qxd5 Be6 20. Qd4 f6 21. e4 Rfd8 22. Qe3 fxe4 23. f5 Bd5 24. Bd4 Bc6 25.
c3 Rd5 26. g4 Re8 27. h4 Qf7 28. Kh2 h5 29. g5 fxg5 30. Qxg5 e3 31. Rg1 Rxf5 32.
Qxg7+ Qxg7 33. Rxg7+ Kf8 34. Rg6 Rf2+ 35. Kh3 Bd7+ 36.
Kg3 Bg4 37. Bxe3 Rf3+ 38. Kg2 Rexe3 39. c6 Re2+ 40. Kh1 Re6 41. Rg5 Rxc6 42. Re5 Rcf6 43. Rae1 Rf1+ 44. Rxf1 Rxf1+ 45. Kg2 Rf3 46. Rc5 Rxc3 47.
Rc6 Rxa3 48. Rf6+ Ke7 0-1

[Event "Late-Titled-Tuesday-Blitz-May-07-2024"]
[Site "Chess.com"]
[Date "2024.05.07"]
[Round "4"]
[White "Romkachess"]
[Black "stollenmonster"]
[Result "0-1"]
[WhiteElo "2612"]
[BlackElo "2866"]
[TimeControl "180+1"]
[EndTime "14:38:23 PDT"]
[Termination "stollenmonster won by resignation"]

1. e4 c5 2. Nf3 Nf6 3. e5 Nd5 4.
Nc3 e6 5. Bc4 Nb6 6. Be2 Nc6 7.
O-O d5 8. exd6 Bxd6 9. Nb5 e5 10. Nxd6+ Qxd6 11. d3 O-O 12. b3 Nd5 13. Bb2 Nf4 14.
Nd2 Re8 15. Nc4 Qc7 16. a4 b6 17. Bf3 Bb7 18. Re1 f6 19. g3 Nh3+ 20. Kg2 Ng5 21. Bd5+ Kh8 22. h4 Nd4 23. Ne3 Ngf3 24. Rh1 Rad8 25. c4 f5 26. Bxd4 Nxd4 27. Re1 f4 28. Bxb7 Qxb7+ 29. Nd5 Rxd5 30. cxd5 Qxd5+ 31. Re4 fxg3 32. Qh5 Rf8 33. fxg3 Nf5 34. Kh3 Qxd3 35. Qg4 Nxg3 36. Rd1 Qxe4 37. Kxg3 Qe3+ 38. Kh2 h6 39. Kg2 e4 40. h5 Qxb3 41. Rd7 Qf3+ 42. Qxf3 exf3+ 43. Kf2 a6 44. Rb7 Rf6 45. Rb8+ Kh7 46. Ra8 a5 47. Rb8 g6 48. hxg6+ Kxg6 49. Rg8+ Kh5 0-1

[Event "Late-Titled-Tuesday-Blitz-May-07-2024"]
[Site "Chess.com"]
[Date "2024.05.07"]
[Round "4"]
[White "ChessWarrior7197"]
[Black "chess123456s"]
[Result "1-0"]
[WhiteElo "3135"]
[BlackElo "2642"]
[TimeControl "180+1"]
[EndTime "14:38:24 PDT"]
[Termination "ChessWarrior7197 won by resignation"]

1. e4 e5 2. Bc4 Nf6 3. Nc3 Nxe4 4.
Qh5 Nd6 5. Qxe5+ Qe7 6. Qxe7+ Bxe7 7. Bb3 Nf5 8. Nf3 c6 9. g4 Nh4 10. Nxh4 Bxh4 11. d4 O-O 12. d5 Re8+ 13. Kf1 d6 14. h3 c5 15. Bf4 Be7 16. Nb5 Na6 17. Nxd6 Bxd6 18. Bxd6 b5 19. c4 Bd7 20. Kg2 Re2 21.
Rhe1 Rxb2 22. Re7 bxc4 23. Bxc4 Bb5 24. Rb7 Bxc4 25. Rxb2 Bxd5+ 26. Kg3 Rd8 27. Re1 h6 28. Bf4 Nb4 29. Rd2 c4 30. Re3 Nd3 31. Be5 f6 32. Bc3 Rd7 33. Rde2 Kf7 34. f4 Rb7 35. f5 Rd7 36. a3 Rb7 37. Re8 Ne5 38. Rd8 Rb3 39. Re3 Bc6 40. Bd4 Rxe3+ 41. Bxe3 a6 42. Bc5 Nd7 43.
Bb4 Bb5 44. Kf4 g5+ 45. Ke4 Ne5 46. Bc3 Bc6+ 47. Ke3 Be4 48. Kxe4 1-0

[Event "Late-Titled-Tuesday-Blitz-May-07-2024"]
[Site "Chess.com"]
[Date "2024.05.07"]
[Round "4"]
[White "ElCoachRene"]
[Black "mfschulz"]
[Result "0-1"]
[WhiteElo "1974"]
[BlackElo "2309"]
[TimeControl "180+1"]
[EndTime "14:38:24 PDT"]
[Termination "mfschulz won on time"]

1. Nf3 b5 2. d4 Bb7 3. Bf4 Nf6 4. e3 a6 5. c3 e6 6. Nbd2 Be7 7. Bd3 O-O 8. Qe2 h6 9. h3 d6 10. O-O Nbd7 11. Rfe1 c5 12. e4 c4 13. Bc2 Qc7 14. e5 dxe5 15. dxe5 Nd5 16. Bh2 g6 17. Ne4 Nc5 18. Nd6 Kg7 19. Nxb7 Qxb7 20. Nd4 Bg5 21.
f4 Bd8 22. f5 exf5 23. e6 f6 24. Bd6 Be7 25. Bxe7 Nxe7 26. Qf2 Nd3 27. Bxd3 cxd3 28. Rad1 b4 29. Rxd3 bxc3 30. Rxc3 Rfd8 31. Rec1 Rac8 32. Rxc8 Rxc8 33. Rxc8 Qxc8 34. Qe2 Qc1+ 35. Kh2 Qc7+ 36. Kg1 Qc5 37. Qe3 Qe5 38. Kf2 f4 39. Qxe5 fxe5 0-1

[Event "Late-Titled-Tuesday-Blitz-May-07-2024"]
[Site "Chess.com"]
[Date "2024.05.07"]
[Round "4"]
[White "Mbneu"]
[Black "Alexei_Gubajdullin"]
[Result "0-1"]
[WhiteElo "2223"]
[BlackElo "2556"]
[TimeControl "180+1"]
[EndTime "14:38:27 PDT"]
[Termination "Alexei_Gubajdullin won by resignation"]

1. d4 Nf6 2. c4 g6 3. Nc3 Bg7 4. e4 d6 5. f4 O-O 6. Nf3 c5 7. d5 e6 8. Be2 exd5 9. cxd5 Re8 10. e5 dxe5 11. fxe5 Ng4 12. e6 fxe6 13. Bg5 Qb6 14.
Qd2 c4 15. O-O-O h6 16. Bf4 g5 17. Bg3 Qa6 18. h3 Nf6 19. Be5 b5 20. Nxg5 hxg5 21.
Qxg5 Nbd7 22. Bh5 Nxe5 23. Bxe8 Nxe8 24. Qd8 Bb7 25. Qe7 exd5 26. Rhe1 b4 27. Nxd5 Nd3+ 28. Rxd3 cxd3 29. Re6 Qc4+ 30. Kb1 Qc2+ 0-1

[Event "Late-Titled-Tuesday-Blitz-May-07-2024"]
[Site "Chess.com"]
[Date "2024.05.07"]
[Round "4"]
[White "ChristopherYoo"]
[Black "deathadder96"]
[Result "1-0"]
[WhiteElo "3003"]
[BlackElo "2850"]
[TimeControl "180+1"]
[EndTime "14:38:28 PDT"]
[Termination "ChristopherYoo won by checkmate"]

1. e4 e6 2. d4 d5 3. e5 c5 4. c3 Nc6 5. Nf3 Bd7 6. Bd3 Rc8 7. O-O cxd4 8. Re1 dxc3 9. Nxc3 a6 10. h4 h6 11. h5 Bc5 12. Bf4 Nge7 13. Rc1 Ba7 14. Qd2 b5 15. Ne2 Qa5 16. Rc3 Rd8 17. Rec1 d4 18. Ra3 Qxd2 19. Bxd2 Bc8 20. Be4 Bb7 21. Nf4 O-O 22. Nd3 Rb8 23. Nc5 Bxc5 24. Rxc5 Rfd8 25. g4 Rd7 26. g5 hxg5 27. Nxg5 Nd8 28. Rg3 Bxe4 29.
Nxe4 Kf8 30. h6 Ng6 31. h7 Nb7 32. Rxg6 Ke7 33. Bg5+ f6 34. Rxg7+ Kf8 35. h8=Q# 1-0

[Event "Late-Titled-Tuesday-Blitz-May-07-2024"]
[Site "Chess.com"]
[Date "2024.05.07"]
[Round "4"]
[White "mishanick"]
[Black "eljanov"]
[Result "1-0"]
[WhiteElo "3052"]
[BlackElo "2870"]
[TimeControl "180+1"]
[EndTime "14:38:29 PDT"]
[Termination "mishanick won by resignation"]

1. d4 Nf6 2. c4 e6 3. Nc3 Bb4 4. e3 O-O 5. Bd3 d5 6. a3 Bxc3+ 7. bxc3 dxc4 8. Bxc4 c5 9. Ne2 Qc7 10. Bd3 Nc6 11. O-O e5 12. Ng3 Rd8 13. f4 exd4 14.
cxd4 h6 15. dxc5 b6 16. Qe2 bxc5 17. Bb2 Qe7 18. h3 Be6 19. Rac1 Rac8 20. Bxf6 Qxf6 21. Ne4 Qe7 22. Nxc5 Bd5 23. Rc3 Rc7 24. Rfc1 Rdc8 25. Ba6 Rb8 26. e4 Nd4 27. Qe3 Nb3 28. Nxb3 Rxb3 29.
Rxc7 Qxc7 30. Rxc7 1-0

[Event "Late-Titled-Tuesday-Blitz-May-07-2024"]
[Site "Chess.com"]
[Date "2024.05.07"]
[Round "4"]
[White "aa175"]
[Black "alexrustemov"]
[Result "1-0"]
[WhiteElo "2745"]
[BlackElo "2921"]
[TimeControl "180+1"]
[EndTime "14:38:31 PDT"]
[Termination "aa175 won on time"]

1. d4 d5 2. Bf4 Nf6 3. e3 c5 4.
Nf3 Nc6 5. Nbd2 Bg4 6. c3 e6 7.
Qa4 Nd7 8. Ne5 Ncxe5 9. Bxe5 cxd4 10. exd4 a6 11. Bg3 Be7 12. Bd3 Bh5 13. Qb3 Qb6 14.
Qc2 Bg6 15. O-O Bxd3 16. Qxd3 O-O 17. b3 Nf6 18. c4 dxc4 19. bxc4 Qc6 20. Rfe1 Rfe8 21.
Rab1 b5 22. cxb5 axb5 23. Rec1 Qd7 24. Rc7 Qd5 25. Rxb5 Qxa2 26. Rbb7 Nd5 27. Rd7 Rad8 28. Nf1 Rxd7 29. Rxd7 Qa4 30. Rb7 Qc6 31. Qb3 h6 32. h3 Bf6 33. Be5 Bxe5 34. dxe5 Qc1 35. g3 Rc8 36. Qf3 Rc7 37. Rb8+ Rc8 38. Rb7 Rf8 39.
Kg2 Qg5 40. Qe4 Rc8 41. Qf3 Qg6 42. h4 Rc3 43. h5 Rxf3 44. Rb8+ Kh7 45. hxg6+ Kxg6 46. Kxf3 Kf5 47. Ne3+ Kxe5 48. Nxd5 exd5 49. Rg8 Ke6 50.
Rxg7 Kf6 51. Rh7 Kg6 52. Rh8 Kg7 53. Rb8 Kf6 54. Ke3 Ke6 55. Kd4 Kf5 56. Rh8 Kg6 57.
Kxd5 h5 58. Rc8 Kg5 59. Ke4 Kg4 60. Rg8+ Kh3 61. Kf3 f5 62. Rh8 Kh2 63. Rxh5+ Kg1 64. Rxf5 Kf1 65. Rd5 Kg1 66. Rh5 1-0

[Event "Late-Titled-Tuesday-Blitz-May-07-2024"]
[Site "Chess.com"]
[Date "2024.05.07"]
[Round "4"]
[White "esrosenberg"]
[Black "TheDiscoOne"]
[Result "0-1"]
[WhiteElo "2325"]
[BlackElo "2524"]
[TimeControl "180+1"]
[EndTime "14:38:34 PDT"]
[Termination "TheDiscoOne won by resignation"]

1. d4 d5 2. Nf3 Nf6 3. c3 g6 4. Bf4 Bg7 5. h3 O-O 6. Nbd2 c5 7. e3 Qb6 8. Qb3 Nc6 9. Be2 c4 10. Qc2 Bf5 11. Qc1 Ne4 12. O-O Qd8 13. b3 cxb3 14. axb3 a6 15. c4 Rc8 16. c5 f6 17.
Bh2 e5 18. Rd1 Qd7 19. Nxe4 Bxe4 20. Qc3 Bxf3 21. Bxf3 e4 22. Be2 f5 23. b4 g5 24. b5 axb5 25. Bxb5 f4 26. Ra7 Rc7 27. Bxc6 bxc6 28. Rxc7 Qxc7 29. Rb1 Qd7 30. Rb6 f3 31.
Bg3 fxg2 32. Kxg2 h5 33. Qb3 h4 34. Bd6 Rf3 35. Rb8+ Kh7 36. Qb7 Qxh3+ 37. Kg1 Qg4+ 38.
Kf1 Rh3 39. Rh8+ Kxh8 40. Qc8+ Qxc8 0-1

[Event "Late-Titled-Tuesday-Blitz-May-07-2024"]
[Site "Chess.com"]
[Date "2024.05.07"]
[Round "4"]
[White "WilsonPalencia21"]
[Black "GMRafpig"]
[Result "0-1"]
[WhiteElo "2544"]
[BlackElo "2736"]
[TimeControl "180+1"]
[EndTime "14:38:35 PDT"]
[Termination "GMRafpig won by checkmate"]

1. d4 Nf6 2. c4 e6 3. Nf3 b6 4.
g3 Ba6 5. Qc2 Bb7 6. Bg2 c5 7.
d5 exd5 8. cxd5 Nxd5 9. O-O Be7 10. Rd1 Nc6 11. a3 Nc7 12. e4 O-O 13. Nc3 h6 14.
Be3 Re8 15. Rd2 Bf8 16. Rad1 d6 17. e5 Nxe5 18. Nxe5 Bxg2 19. Nxf7 Kxf7 20. Kxg2 Kg8 21. Bf4 Ne6 22. Be3 Qd7 23. Ne4 Qb7 24. f3 Nc7 25.
Bf4 d5 26. Bxc7 dxe4 27. Rd7 exf3+ 28. Kf1 Qa6+ 29. R1d3 Re2 30. Qc3 Rae8 31. Bd6 Re1+ 32. Kf2 R8e2+ 33. Kxf3 Qa4 34. b4 Qc6+ 35. Kf4 Qe4# 0-1